 Dungeon Crawl Stone Soup version 0.21-a0-525-ga34b322 (webtiles) character file.

468 Gwyneth the Cutter (level 7, -9/47 HPs)
             Began as a Halfling Fighter on Dec 7, 2017.
             Mangled by an orc warrior
             ... wielding a +0 flail
              (10 damage)
             ... on level 4 of the Dungeon.
             The game lasted 00:30:50 (4347 turns).

Gwyneth the Cutter (Halfling Fighter)               Turns: 4347, Time: 00:30:51

Health: -9/47      AC: 11    Str: 18    XL:     7   Next: 30%
Magic:  7/7        EV: 13    Int:  8    God:
Gold:   180        SH: 11    Dex: 20    Spells: 6/6 levels left

rFire    . . .     SeeInvis .   a - +0 rapier
rCold    . . .     Gourm    .   c - +0 shield
rNeg     . . .     Faith    .   r - +0 chain mail
rPois    .         Spirit   .   h - +1 helmet
rElec    .         Reflect  .   (no cloak)
rCorr    .         Harm     .   (no gloves)
MR       .....                  (no boots)
Stlth    ..........             (no amulet)
HPRegen  0.15/turn              (no ring)
MPRegen  0.10/turn              (no ring)

@: agile, hasted, very quick
A: small, clever 1, mutation resistance 1
a: no special abilities


You were on level 4 of the Dungeon.
You were not hungry.

You visited 1 branch of the dungeon, and saw 4 of its levels.

You collected 180 gold pieces.

Inventory:

Hand Weapons
 a - a +0 rapier (weapon)
 e - a +0 whip
 n - a +0 hand axe of venom
 s - a +0 giant spiked club
Armour
 b - a +0 scale mail
 c - a +0 shield (worn)
 h - a +1 helmet (worn)
 r - a +0 chain mail (worn)
Scrolls
 m - a scroll of remove curse
Potions
 d - 3 potions of might
 g - 4 potions of brilliance
 k - 3 potions of curing
 l - a potion of haste
Comestibles
 f - 4 bread rations
 i - 5 meat rations
 p - 4 fruits
 q - a royal jelly


   Skills:
 + Level 3.6 Fighting
 + Level 5.5 Short Blades
 + Level 4.3 Armour
 + Level 1.4 Dodging
 + Level 0.7 Stealth
 + Level 5.3 Shields


You had 6 spell levels left.
You didn't know any spells.

Dungeon Overview and Level Annotations

Branches:
Dungeon (4/15)
 Temple: D:4-7

Altars:
Ashenzari
Fedhas
Kikubaaqudgha
Makhleb
Ru
Vehumet
Wu Jian
Xom

Shops:
D:4 !


Innate Abilities, Weirdness & Mutations

You are small and have problems with some larger weapons.
You are somewhat resistant to further mutation.
Your mind is acute. (Int +2)


Message History

You feel clever.
You feel less confused.
You block the centaur skeleton's attack.
You block the orc's attack. You block something's attack.
You block the orc warrior's attack.
It was a potion of haste.
You feel yourself speed up. The centaur skeleton barely misses you.
The centaur skeleton hits you but does no damage.
Something hits you but does no damage. The orc hits you but does no damage.
Something hits you but does no damage.
It was a potion of agility.
You feel agile all of a sudden. The orc warrior closely misses you.
You block the centaur skeleton's attack.
You completely miss the orc.
The orc is heavily wounded.
Something hits you but does no damage. Something hits you.
* * * LOW HITPOINT WARNING * * *
The orc hits you but does no damage. The orc warrior hits you with a flail!
You die...

#.###.#
##......######.###.##
......# #
#.............## #.##
..#####
..##..#.##.#####.#
#... ..#
#.........<...##.##
#### ..#
...##..####.##.....#
# ..# #.
#..#.##........# #
.##
#.###...o...######.#
## ........Z#.## .#
..##.##{@o## .# #.
##o## ..S.. ......>#
.<.......# ##.......#
........# ##.......#


You could see an orc warrior, an adder, 2 orcs and a centaur skeleton.

Vanquished Creatures
  The ghost of sploonz the Slasher, an amateur MiGl (D:3)
  The ghost of RexxRaptorr the Gusty, an amateur TeAE (D:4)
  An ogre (D:4)
  A crimson imp (D:3)
  An orc wizard (D:3)
  4 adders
  An ooze (D:4)
  3 worms
  2 leopard geckos
  10 orcs
  4 ball pythons
  3 giant cockroaches
  8 goblins
  2 hobgoblins
  4 jackals (D:3)
  8 kobolds
  2 quokkas
  5 bats
  5 frilled lizards
  6 rats
72 creatures vanquished.

Vanquished Creatures (others)
  A kobold (D:2)
  A frilled lizard (D:4)
2 creatures vanquished.

Grand Total: 74 creatures vanquished

Notes
Turn   | Place    | Note
-------+----------+-------------------------------------------
     0 | D:1      | Gwyneth the Halfling Fighter began the quest for the Orb.
     0 | D:1      | Reached XP level 1. HP: 15/15 MP: 1/1
    42 | D:1      | Reached XP level 2. HP: 5/20 MP: 2/2
  1085 | D:1      | Reached XP level 3. HP: 18/25 MP: 3/3
  1448 | D:2      | Found a radiant altar of Vehumet.
  1735 | D:2      | Paralysed by fainting for 9 turns
  1748 | D:2      | Paralysed by fainting for 5 turns
  1760 | D:2      | Paralysed by fainting for 10 turns
  1805 | D:2      | Paralysed by fainting for 5 turns
  1836 | D:2      | Paralysed by fainting for 5 turns
  2163 | D:2      | Reached XP level 4. HP: 25/31 MP: 4/4
  2424 | D:3      | Found an ancient bone altar of Kikubaaqudgha.
  2424 | D:3      | Found an ornate altar of the Wu Jian Council.
  2435 | D:3      | Found a burning altar of Makhleb.
  2442 | D:3      | Found a blossoming altar of Fedhas.
  2444 | D:3      | Found a shattered altar of Ashenzari.
  2540 | D:3      | Reached XP level 5. HP: 31/36 MP: 5/5
  2834 | D:3      | Reached skill level 1 in Dodging
  2993 | D:3      | Noticed sploonz's ghost (amateur MiGl)
  3039 | D:3      | Killed sploonz's ghost
  3039 | D:3      | Reached skill level 5 in Shields
  3039 | D:3      | Reached XP level 6. HP: 10/42 MP: 6/6
  3118 | D:3      | Reached skill level 5 in Short Blades
  3372 | D:3      | Found a shimmering altar of Xom.
  3372 | D:3      | Found a sacrificial altar of Ru.
  3598 | D:4      | Noticed RexxRaptorr's ghost (amateur TeAE)
  3616 | D:4      | Killed RexxRaptorr's ghost
  3616 | D:4      | Reached XP level 7. HP: 20/46 MP: 7/7
  4075 | D:4      | Found Jerphixush's Distillery.
  4343 | D:4      | HP: 1/47 [something (3)]
  4344 | D:4      | Gained mutation: Your mind is acute. (Int +2) [potion of mutation]
  4347 | D:4      | Mangled by an orc warrior

Vault maps used:
D:1:      lightli_arrival_maybe_door_vault
D:2:      cheibrodos_old_hovel, fiery_altar_vehumet
D:3:      chequers_temple_overflow_minitemple, gammafunk_temple_overflow_pools
D:4:      serial_shops, kennysheep_mini, first_bread

Skill      XL: |  1  2  3  4  5  6 |
---------------+-------------------+-----
Shields        | 4 5 |  5.3
Fighting       | 3 |  3.6
Short Blades   | 3 4 5 |  5.5
Dodging        | 1 |  1.4
Armour         | 4 |  4.3
Stealth        | |  0.7

Action                   |  1- 3 |  4- 6 |  7- 9 || total
-------------------------+-------+-------+-------++-------
Melee: Rapier            |   121 |   164 |    50 ||   335
  Use: Scroll            |     4 |     4 |       ||     8
       Potion            |       |       |     3 ||     3
  Eat: Bread ration      |     1 |     1 |     1 ||     3
Armor: Scale mail        |    67 |       |       ||    67
       Chain mail        |       |    92 |    40 ||   132
Dodge: Dodged            |    51 |    50 |    22 ||   123
Block: Shield            |    86 |   107 |    33 ||   226

Table legend:
 A = Spawn XP
 B = Non-spawn XP
 C = Spawn XP percentage of total XP
 D = Spawn monster count
 E = Non-spawn monster count
 F = Spawn count percentage of total count
 G = Total turns spent on level
                    A         B        C        D         E        F      G
               +---------+---------+-------+---------+---------+-------+---------
         Total |       0 |     669 |   0.0 |       0 |      72 |   0.0 |  4347
               +---------+---------+-------+---------+---------+-------+---------
           D:1 |       0 |      33 |   0.0 |       0 |      22 |   0.0 |  1343
           D:2 |       0 |      36 |   0.0 |       0 |      11 |   0.0 |   936
           D:3 |       0 |     371 |   0.0 |       0 |      32 |   0.0 |  1313
           D:4 |       0 |     229 |   0.0 |       0 |       7 |   0.0 |   755
               +---------+---------+-------+---------+---------+-------+---------
